Workbook

Sheet Page 1 - The Drift
B1: bleeding.money
B2: Drift to Design Template
B3: Today's Reality : Current Spending in a Typical Month
B5: Instructions:
B6: Fill in the green cells to log your income and expenses for a typical month.
B7: If a category doesn't apply, leave it blank.
B8: If an expense doesn't fit, roll it into "Other".
B9: Account for one-time or irregular expenses at the bottom.
B10: Use real numbers. For help downloading your transactions see: bleeding.money/datahelp
B11: The goal is not precision; it is an honest snapshot of reality.
B12: INCOME
B13: Income Source | C13: Notes | D13: Amount ($)
B14: Income 1 | C14: Monthly take home(after taxes and deductions)
B15: Income 2 (if any) | C15: Monthly take home(after taxes and deductions)
B16: Side Hustle / Freelance | C16: Monthly take home(after taxes and deductions)
B17: Other Income | C17: Include gifts, rental income, gov't benefits, etc.
C18: Total Income | D18: =SUM(D14:D17) -> 0
B21: EXPENSES
B22: Fixed / Essential Expenses | C22: Notes | D22: Amount ($)
B23: Housing | C23: Rent / Mortgage
C24: Repairs / upkeep
B25: Utilities | C25: Electric
C26: Natural gas
C27: Water / Sewer
C28: Trash
C29: Internet
C30: Cable/Streaming
C31: Phone(s)
C32: Other Utilities
B33: Transportation | C33: Car 1 Payment
C34: Car 1 Gas
C35: Car 1 Maintenance
C36: Car 2 Payment
C37: Car 2 Gas
C38: Car 2 Maintenance
C39: Public Transportation
C40: Ride Share
C41: Other
B42: Food | C42: Groceries and Household Items
B43: Insurance | C43: Auto
C44: Home/Renters(if separate from mortgage)
C45: Medical (if no payroll deduction)
C46: Life (if no payroll deduction)
C47: Other
B48: Medical Expenses | C48: Out-of-pocket costs
B49: Minimum Debt Payments | C49: Credit cards, loans, etc.
B50: Pets | C50: Food
C51: Boarding/Day Play
C52: Medical Care
B53: Other | C53: Anything not listed above
C54: Total Fixed Expenses | D54: =SUM(D23:D53) -> 0
B56: Discretionary / Variable Expenses | C56: Notes | D56: Amount ($)
B57: Eating Out | C57: Dining / Takeout
B58: Entertainment | C58: Movies, events, concerts, outings
B59: Subscriptions | C59: Streaming, apps, recurring charges
B60: Kids / Childcare / Activities | C60: Daycare, sports, school
B61: Personal Spending | C61: Clothes, haircuts, etc.
B62: Other | C62: Misc., gym, anything not listed above
C63: Total Discretionary Expenses | D63: =SUM(D57:D62) -> 0
B65: Irregular Expenses Converted to Monthly | C65: Annual Total | D65: Amount ($)
B66: Vacations | D66: =C66/12 -> 0
B67: Birthdays | D67: =C67/12 -> 0
B68: Christmas/Holidays | D68: =C68/12 -> 0
B69: Other 1 | D69: =C69/12 -> 0
B70: Other 2 | D70: =C70/12 -> 0
B71: Other 3 | D71: =C71/12 -> 0
B72: Other 4 | D72: =C72/12 -> 0
B73: Other 5 | D73: =C73/12 -> 0
C74: Total Irregular Expenses | D74: =SUM(D66:D73) -> 0
C77: Monthly Average
C79: Income | D79: =D18 -> 0
C81: Fixed Expenses | D81: =D54 -> 0
C82: Discretionary / Variable Expenses | D82: =D63 -> 0
C83: Irregular Expenses Converted to Monthly | D83: =D74 -> 0
C84: Expenses | D84: =SUM(D81:D83) -> 0
C86: The Gap - Drift | D86: =D79-D84 -> 0

Sheet Page 2 - The Design
A1: bleeding.money
A2: Drift to Design Template
A3: Tomorrow's Design : Your Intentional Spending Plan
A5: Instructions:
A6: Inputs from Page 1 will carry over to Page 2.
A7: Fill in the green cells to design your intentional spending plan.
A9: INCOME
A10: Income Source | B10: Notes | C10: Amount ($)
A11: Income 1 | B11: Monthly take home(after taxes and deductions) | C11: ='Page 1 - The Drift'!D14 -> 0
A12: Income 2 (if any) | B12: Monthly take home(after taxes and deductions) | C12: ='Page 1 - The Drift'!D15 -> 0
A13: Side Hustle / Freelance | B13: Monthly take home(after taxes and deductions) | C13: ='Page 1 - The Drift'!D16 -> 0
A14: Other Income | B14: Include gifts, rental income, gov't benefits, etc. | C14: ='Page 1 - The Drift'!D17 -> 0
B15: Total Income | C15: =SUM(C11:C14) -> 0
A17: EXPENSES | C17: Drift | D17: Design | E17: Change
A18: Fixed / Essential Expenses | B18: Notes | C18: Amount ($) | D18: Amount ($) | E18: Amount ($)
A19: Housing | B19: Rent / Mortgage | C19: ='Page 1 - The Drift'!D23 -> 0 | E19: =D19-C19 -> 0
B20: Repairs / upkeep | C20: ='Page 1 - The Drift'!D24 -> 0 | E20: =D20-C20 -> 0
A21: Utilities | B21: Electric | C21: ='Page 1 - The Drift'!D25 -> 0 | E21: =D21-C21 -> 0
B22: Natural gas | C22: ='Page 1 - The Drift'!D26 -> 0 | E22: =D22-C22 -> 0
B23: Water / Sewer | C23: ='Page 1 - The Drift'!D27 -> 0 | E23: =D23-C23 -> 0
B24: Trash | C24: ='Page 1 - The Drift'!D28 -> 0 | E24: =D24-C24 -> 0
B25: Internet | C25: ='Page 1 - The Drift'!D29 -> 0 | E25: =D25-C25 -> 0
B26: Cable/Streaming | C26: ='Page 1 - The Drift'!D30 -> 0 | E26: =D26-C26 -> 0
B27: Phone(s) | C27: ='Page 1 - The Drift'!D31 -> 0 | E27: =D27-C27 -> 0
B28: Other Utilities | C28: ='Page 1 - The Drift'!D32 -> 0 | E28: =D28-C28 -> 0
A29: Transportation | B29: Car 1 Payment | C29: ='Page 1 - The Drift'!D33 -> 0 | E29: =D29-C29 -> 0
B30: Car 1 Gas | C30: ='Page 1 - The Drift'!D34 -> 0 | E30: =D30-C30 -> 0
B31: Car 1 Maintenance | C31: ='Page 1 - The Drift'!D35 -> 0 | E31: =D31-C31 -> 0
B32: Car 2 Payment | C32: ='Page 1 - The Drift'!D36 -> 0 | E32: =D32-C32 -> 0
B33: Car 2 Gas | C33: ='Page 1 - The Drift'!D37 -> 0 | E33: =D33-C33 -> 0
B34: Car 2 Maintenance | C34: ='Page 1 - The Drift'!D38 -> 0 | E34: =D34-C34 -> 0
B35: Public Transportation | C35: ='Page 1 - The Drift'!D39 -> 0 | E35: =D35-C35 -> 0
B36: Ride Share | C36: ='Page 1 - The Drift'!D40 -> 0 | E36: =D36-C36 -> 0
B37: Other | C37: ='Page 1 - The Drift'!D41 -> 0 | E37: =D37-C37 -> 0
A38: Food | B38: Groceries and Household Items | C38: ='Page 1 - The Drift'!D42 -> 0 | E38: =D38-C38 -> 0
A39: Insurance | B39: Auto | C39: ='Page 1 - The Drift'!D43 -> 0 | E39: =D39-C39 -> 0
B40: Home/Renters(if separate from mortgage) | C40: ='Page 1 - The Drift'!D44 -> 0 | E40: =D40-C40 -> 0
B41: Medical (if no payroll deduction) | C41: ='Page 1 - The Drift'!D45 -> 0 | E41: =D41-C41 -> 0
B42: Life (if no payroll deduction) | C42: ='Page 1 - The Drift'!D46 -> 0 | E42: =D42-C42 -> 0
B43: Other | C43: ='Page 1 - The Drift'!D47 -> 0 | E43: =D43-C43 -> 0
A44: Medical Expenses | B44: Out-of-pocket costs | C44: ='Page 1 - The Drift'!D48 -> 0 | E44: =D44-C44 -> 0
A45: Minimum Debt Payments | B45: Credit cards, loans, etc. | C45: ='Page 1 - The Drift'!D49 -> 0 | E45: =D45-C45 -> 0
A46: Pets | B46: Food | C46: ='Page 1 - The Drift'!D50 -> 0 | E46: =D46-C46 -> 0
B47: Boarding/Day Play | C47: ='Page 1 - The Drift'!D51 -> 0 | E47: =D47-C47 -> 0
B48: Medical Care | C48: ='Page 1 - The Drift'!D52 -> 0 | E48: =D48-C48 -> 0
A49: Other | B49: Anything not listed above | C49: ='Page 1 - The Drift'!D53 -> 0 | E49: =D49-C49 -> 0
B50: Total Fixed Expenses | C50: =SUM(C19:C49) -> 0 | D50: =SUM(D19:D49) -> 0 | E50: =SUM(E19:E49) -> 0
C51: Drift | D51: Design | E51: Change
A52: Discretionary / Variable Expenses | B52: Notes | C52: Amount ($) | D52: Amount ($) | E52: Amount ($)
A53: Eating Out | B53: Dining / Takeout | C53: ='Page 1 - The Drift'!D57 -> 0 | E53: =D53-C53 -> 0
A54: Entertainment | B54: Movies, events, concerts, outings | C54: ='Page 1 - The Drift'!D58 -> 0 | E54: =D54-C54 -> 0
A55: Subscriptions | B55: Streaming, apps, recurring charges | C55: ='Page 1 - The Drift'!D59 -> 0 | E55: =D55-C55 -> 0
A56: Kids / Childcare / Activities | B56: Daycare, sports, school | C56: ='Page 1 - The Drift'!D60 -> 0 | E56: =D56-C56 -> 0
A57: Personal Spending | B57: Clothes, haircuts, etc. | C57: ='Page 1 - The Drift'!D61 -> 0 | E57: =D57-C57 -> 0
A58: Other | B58: Misc., gym, anything not listed above | C58: ='Page 1 - The Drift'!D62 -> 0 | E58: =D58-C58 -> 0
B59: Total Discretionary Expenses | C59: =SUM(C53:C58) -> 0 | D59: =SUM(D53:D58) -> 0 | E59: =D59-C59 -> 0
C60: Drift | D60: Design | E60: Change
A61: Occasional Expenses Converted to Monthly | B61: Annual Total | C61: Amount ($) | D61: Amount ($) | E61: Amount ($)
A62: ='Page 1 - The Drift'!B66 -> Vacations | C62: ='Page 1 - The Drift'!D66 -> 0 | D62: =B62/12 -> 0 | E62: =D62-C62 -> 0
A63: ='Page 1 - The Drift'!B67 -> Birthdays | C63: ='Page 1 - The Drift'!D67 -> 0 | D63: =B63/12 -> 0 | E63: =D63-C63 -> 0
A64: ='Page 1 - The Drift'!B68 -> Christmas/Holidays | C64: ='Page 1 - The Drift'!D68 -> 0 | D64: =B64/12 -> 0 | E64: =D64-C64 -> 0
A65: ='Page 1 - The Drift'!B69 -> Other 1 | C65: ='Page 1 - The Drift'!D69 -> 0 | D65: =B65/12 -> 0 | E65: =D65-C65 -> 0
A66: ='Page 1 - The Drift'!B70 -> Other 2 | C66: ='Page 1 - The Drift'!D70 -> 0 | D66: =B66/12 -> 0 | E66: =D66-C66 -> 0
A67: ='Page 1 - The Drift'!B71 -> Other 3 | C67: ='Page 1 - The Drift'!D71 -> 0 | D67: =B67/12 -> 0 | E67: =D67-C67 -> 0
A68: ='Page 1 - The Drift'!B72 -> Other 4 | C68: ='Page 1 - The Drift'!D72 -> 0 | D68: =B68/12 -> 0 | E68: =D68-C68 -> 0
A69: ='Page 1 - The Drift'!B73 -> Other 5 | C69: ='Page 1 - The Drift'!D73 -> 0 | D69: =B69/12 -> 0 | E69: =D69-C69 -> 0
B70: Total Occasional Expenses | C70: =SUM(C62:C69) -> 0 | D70: =SUM(D62:D69) -> 0 | E70: =SUM(E62:E69) -> 0
B76: Monthly Average
C77: Design | D77: Drift | E77: Change
B78: Income | C78: =C15 -> 0 | D78: =C15 -> 0
B80: Fixed Expenses | C80: =D50 -> 0 | D80: =C50 -> 0 | E80: =C80-D80 -> 0
B81: Discretionary / Variable Expenses | C81: =D59 -> 0 | D81: =C59 -> 0 | E81: =C81-D81 -> 0
B82: Irregular Expenses Converted to Monthly | C82: =D70 -> 0 | D82: =C70 -> 0 | E82: =C82-D82 -> 0
B83: Expenses | C83: =SUM(C80:C82) -> 0 | D83: =SUM(D80:D82) -> 0 | E83: =SUM(E80:E82) -> 0
B85: The Gap - Design | C85: =C78-C83 -> 0 | D85: =D78-D83 -> 0 | E85: =E78-E83 -> 0
B87: This monthly surplus is the fuel for your Resilience Fund.
B88: Transfer this amount to your designated Resilience account,
B89: and you have achieved your goal.

Sheet GPT feedback
A2: Template Improvement Suggestions (Consolidated)
A4: 1. Keep the Two-Page Structure
A6: Do not collapse the template to one page.
A8: Two pages reinforce the psychological shift:
A10: Page 1 → Today's Default (current reality)
A11: Page 2 → Tomorrow's Design (intentional plan)
A13: This separation helps people pause and reconsider rather than just editing numbers.
A17: Page 1 Improvements
A19: Page 1 Title
A21: Current:
A23: Today's Default
A25: Suggested:
... A135: Once you implement these changes, the template will be fully aligned with the philosophy of your presentation and website.
